Map: Rhoskallian LE

Players

Massa - Winner!

  • Race: Terran Terran
  • League: Gold
  • Spawn Location: 5:00

qqq - Winner!

  • Race: Protoss Protoss
  • Spawn Location: 6:00

brazen

  • Race: Terran Terran
  • League: Diamond
  • Spawn Location: 12:00

StarDrive

  • Race: Protoss Protoss
  • Spawn Location: 11:00

VOD

Have the link to the VOD?

Description

Time

  • Played on: July 4, 2020, 9:34 a.m.
  • Length: 3:23
Show
View Real Time Build Order
Export as new Build Order

Massa Terran - Winner!

Build Orders: Reaper Expand 

Get SALT Encoding   

  12  0:03  SCV  
  13  0:18  SCV, Supply Depot  
  14  0:30  SCV  
  15  0:42  Barracks  
  15  0:47  Refinery  
  15  0:48  SCV  
  16  1:00  SCV  
  17  1:12  SCV  
  18  1:30  Orbital Command  
  18  1:32  Reaper  
  19  1:44  Command Center  
  19  1:55  Supply Depot  
  19  2:04  Reaper  
  20  2:28  SCV  
  21  2:36  Reaper  
  22  2:40  SCV  
  23  2:52  SCV  
  24  3:04  SCV  
Show
View Real Time Build Order
Export as new Build Order

qqq Protoss - Winner!

Build Orders:  

Get SALT Encoding   

  12  0:01  Probe  
  13  0:14  Pylon  
  13  0:24  Pylon  
  13  0:27  Probe  
  14  0:45  Probe  
  15  0:50  Gateway  
  15  0:55  Pylon  
  15  1:02  Probe  
  16  1:18  Forge  
  16  1:20  Probe  
  17  1:31  Pylon  
  17  1:42  Pylon  
  17  1:56  Photon Cannon  
  17  1:59  Photon Cannon  
  17  2:00  Pylon  
  17  2:10  Photon Cannon  
  17  2:22  Photon Cannon  
  17  2:29  Pylon  
  16  2:39  Cybernetics Core  
  16  2:44  Assimilator  
  16  2:54  Assimilator  
  16  2:55  Probe  
  17  3:08  Probe  
Show
View Real Time Build Order
Export as new Build Order

brazen Terran 

Build Orders:  

Get SALT Encoding   

  12  0:00  SCV  
  13  0:17  SCV, Supply Depot  
  14  0:29  SCV  
  15  0:41  Barracks  
  15  0:43  SCV  
  15  0:47  Refinery  
  16  0:56  SCV  
  17  1:08  SCV  
  18  1:20  SCV  
  19  1:36  Orbital Command  
  19  1:47  Supply Depot  
  19  2:03  Reaper  
  19  2:04  SCV  
  21  2:08  Command Center  
  21  2:33  SCV  
  17  2:45  SCV  
  17  2:57  SCV  
  16  3:09  SCV  
  17  3:19  Bunker  
Show
View Real Time Build Order
Export as new Build Order

StarDrive Protoss 

Build Orders:  

Get SALT Encoding   

  12  0:02  Probe  
  13  0:14  Probe  
  13  0:20  Pylon  
  14  0:26  Probe  
  15  0:38  Probe  
  16  0:45  Gateway  
  16  0:47  Probe  
  16  0:51  Assimilator  
  16  0:55  Probe  
  18  1:05  Probe  
  19  1:17  Probe  
  20  1:21  Assimilator  
  20  1:29  Pylon  
  20  1:45  Cybernetics Core  
  20  1:55  Probe  
  20  2:12  Stalker  
  17  3:02  Probe  
  18  3:09  Twilight Council  
Tags
 
Add a new tag
Caveats
  • Supply blocks, unpowered buildings, or Contaminate may cause inaccurate times.
  • Supply counts are checked every 10 seconds.